 Dungeon Crawl Stone Soup version 0.20.0-15-g7f486f2 (webtiles) character file.

12 sagitran the Skirmisher (level 2, -1/24 HPs)
             Began as a Demonspawn Wanderer on June 10, 2017.
             Slain by a jackal (2 damage)
             ... on level 1 of the Dungeon.
             The game lasted 00:05:22 (188 turns).

sagitran the Skirmisher (Demonspawn Wanderer)        Turns: 188, Time: 00:05:22

Health: -1/24      AC:  0    Str: 12    XL:     2   Next: 20%
Magic:  2/2        EV: 13    Int: 14    God:
Gold:   47         SH:  0    Dex: 11    Spells: 1/1 levels left

rFire    . . .     SeeInvis .   f - +0 dagger
rCold    . . .     Gourm    .   (no shield)
rNeg     . . .     Faith    .   e - +0 robe
rPois    .         Spirit   .   (no helmet)
rElec    .         Reflect  .   (no cloak)
rCorr    .         Harm     .   (no gloves)
MR       .....                  (no boots)
Stlth    ++........             (no amulet)
Regen    0.1/turn               m - +2 ring of evasion
MPRegen  0.1/turn               n - -2 ring of protection (curse)

@: no status effects
A: spiny 1
a: no special abilities


You were on level 1 of the Dungeon.
You were not hungry.

You visited 1 branch of the dungeon, and saw 1 of its levels.

You collected 47 gold pieces.

Inventory:

Hand Weapons
 a - a +2 hand crossbow
 f - a +0 dagger (weapon)
Missiles
 b - 9 bolts
 i - 7 javelins (quivered)
Armour
 e - a +0 robe (worn)
Jewellery
 m - a +2 ring of evasion (left hand)
 n - a cursed -2 ring of protection (right hand)
Scrolls
 d - a scroll of teleportation
Potions
 c - a potion of lignification
 h - a potion of curing
 l - a potion of heal wounds
Comestibles
 g - 2 bread rations


   Skills:
 + Level 3.2 Fighting
 + Level 1.0 Crossbows
 + Level 3.0 Armour
 + Level 0.1 Dodging
 + Level 1.8 Stealth
   Level 1.0 Evocations


You had one spell level left.
You didn't know any spells.

Dungeon Overview and Level Annotations

Branches:
Dungeon (1/15)

Altars:
Nemelex Xobeh


Innate Abilities, Weirdness & Mutations

You are partially covered in sharp spines.


Message History

Firing (i - inventory. (,) - cycle):
b - 10 bolts (quivered)
Press: ? - help, Shift-Dir - straight line, f/p - jackal
Aim: a jackal (heavily wounded)
You shoot a bolt. The bolt closely misses the jackal.
The jackal bites you. x2
* * * LOW HITPOINT WARNING * * *
The jackal bites you.
* * * LOW HITPOINT WARNING * * *
The jackal is struck by your spines. The jackal bites you.
* * * LOW HITPOINT WARNING * * *
Wield which item (- for none, * to show all)? (? for menu, Esc to quit)
Okay, then.
The jackal barely misses you.
Wield which item (- for none, * to show all)? (? for menu, Esc to quit)
f - a +0 dagger (weapon)
The jackal bites you.
* * * LOW HITPOINT WARNING * * *
You hit the jackal but do no damage.
The jackal is severely wounded.
The jackal bites you.
You die...

..#.. ...._..# .
###((..###.#⌠.⌠.### #..
..#.((....##.##...##. #..
#.#..(............##. #..%
#.#....#.....#..#g...
#....#.#.(.###...###......
....#....##.#...#.##.>...
......hh###.....###.....
.###...@.##.....##......
#.......†..............
#...........#........(.
#..........###......(..
#.........#...#........
#.........#.<.#........
#.†..###.........###..#
###.#..#..#...#..#..#..
#....#..#...#..#.....


You could see 2 jackals.

Vanquished Creatures
  A leopard gecko (D:1)
  2 goblins (D:1)
  2 jackals (D:1)
  A bat (D:1)
  2 frilled lizards (D:1)
  4 rats (D:1)
12 creatures vanquished.

Notes
Turn   | Place    | Note
-------+----------+-------------------------------------------
     0 | D:1      | sagitran the Demonspawn Wanderer began the quest for the Orb.
     0 | D:1      | sagitran set off with: a +2 hand crossbow, 21 bolts, a potion of lignification, a scroll of teleportation, a +0 robe, a +0 dagger, a bread ration
     0 | D:1      | Reached XP level 1. HP: 18/18 MP: 1/1
    21 | D:1      | Found a sparkling altar of Nemelex Xobeh.
   175 | D:1      | Gained mutation: You are partially covered in sharp spines. [demonic ancestry]
   175 | D:1      | Reached XP level 2. HP: 24/24 MP: 2/2
   186 | D:1      | HP: 1/24 [jackal (3)]
   188 | D:1      | Slain by a jackal

Skill      XL: |  1  2 |
---------------+-------+-----
Armour         | 3 |  3.0
Fighting       | |  3.2
Crossbows      | |  1.0
Dodging        | |  0.1
Stealth        | |  1.8
Evocations     | |  1.0

Action                   || total
-------------------------++-------
Melee: Dagger            ||     7
 Fire: Hand crossbow     ||    19
  Use: Scroll            ||     3
Armor: Robe              ||     4
Dodge: Dodged            ||    13
